 Dungeon Crawl Stone Soup version 0.21-a0-41-g5e91fef (webtiles) character file.

82961 seren the Slicer (level 15, 0/82 HPs)
             Began as a Vine Stalker Fighter on June 3, 2017.
             Was a Follower of Uskayaw.
             Slain by an alligator snapping turtle (26 damage)
             ... on level 1 of the Shoals on June 4, 2017.
             The game lasted 02:25:07 (24195 turns).

seren the Slicer (Vine Stalker Fighter)            Turns: 24195, Time: 02:25:08

Health: 0/82       AC: 22    Str: 22    XL:     15   Next: 75%
Magic:  0/25       EV: 12    Int:  9    God:    Uskayaw [*.....]
Gold:   1053       SH: 11    Dex: 16    Spells: 21/26 levels left

rFire    . . .     SeeInvis .   a - +0 rapier (venom)
rCold    . . .     Gourm    .   c - +0 shield
rNeg     . . .     Faith    .   C - +2 scale mail {rPois}
rPois    +         Spirit   +   (no helmet)
rElec    .         Reflect  .   E - scarf {repulsion}
rCorr    .         Harm     .   l - +2 pair of gloves
MR       +....                  S - +2 pair of boots
Stlth    ++........             (no amulet)
Regen    1.1/turn               T - +2 ring of slaying
MPRegen  0.2/turn               n - +5 ring of protection

@: repel missiles, very slow
A: fangs 3, regeneration 2, magic shield, antimagic bite, no potion heal 3, rot
immunity
a: Stomp, Renounce Religion


You were on level 1 of the Shoals.
You worshipped Uskayaw.
Uskayaw was aware of your devotion.
You were not hungry.

You visited 5 branches of the dungeon, and saw 23 of its levels.

You collected 2413 gold pieces.
You spent 1360 gold pieces at shops.

Inventory:

Hand Weapons
 a - a +0 rapier of venom (weapon)
 b - a +0 hunting sling of freezing
 G - the +5 spear of Rotation {pain, rN+ MR++ Dex+4 SInv}
   (You found it on level 8 of the Dungeon)

   In the hands of one skilled in necromantic magic, it inflicts extra damage on
   living creatures.
   It affects your dexterity (+4).
   It protects you from negative energy.
   It affects your resistance to hostile enchantments.
   It lets you see invisible.
 J - a +2 rapier of draining
Missiles
 q - 2 throwing nets (quivered)
 K - 102 bolts
 M - 7 tomahawks
 Y - 278 stones
Armour
 c - a +0 shield (worn)
 l - a +2 pair of gloves (worn)
 C - a +2 scale mail of poison resistance (worn)
 E - a scarf of repulsion (worn)
 S - a +2 pair of boots (worn)
Jewellery
 j - an uncursed ring of stealth
 n - a +5 ring of protection (right hand)
 A - an uncursed ring of resist corrosion
 B - an uncursed ring of protection from magic
 T - a +2 ring of slaying (left hand)
Wands
 o - a wand of disintegration (7/24)
 y - a wand of scattershot (3/9)
 I - a wand of flame (15/48)
 W - a wand of confusion (23/48)
Scrolls
 e - 2 scrolls of silence {unknown}
 k - 2 scrolls of fear
 p - a scroll of amnesia
 r - 11 scrolls of remove curse
 s - 2 scrolls of magic mapping
 v - a scroll of immolation
 D - 2 scrolls of holy word {unknown}
 H - 2 scrolls of blinking
 L - 4 scrolls of fog
 O - a scroll of recharging
 V - a scroll of noise {unknown}
 X - a scroll of teleportation
Potions
 d - 3 potions of might
 h - 2 potions of agility
 i - 3 potions of lignification
 m - 2 potions of berserk rage
 t - a potion of brilliance
 u - a potion of magic {unknown}
 x - 2 potions of cancellation {unknown}
 z - a potion of haste
 F - a potion of resistance {unknown}
 N - 6 potions of curing
 R - 2 potions of flight
 U - a potion of invisibility
Comestibles
 f - 11 bread rations
 w - a meat ration
 P - 17 fruits


   Skills:
 - Level 11.0 Fighting
 - Level 14.0 Short Blades
 - Level 8.4 Armour
 - Level 6.0 Dodging
 + Level 10.8 Stealth
 - Level 7.0 Shields
 - Level 6.0 Spellcasting
 - Level 2.0 Hexes
 * Level 3.2 Translocations
 - Level 9.4 Invocations
 - Level 2.2 Evocations


You had 21 spell levels left.
You knew the following spells:

 Your Spells              Type           Power        Failure   Level  Hunger
a - Blink                 Tloc           N/A          52%         2    ##.....
b - Slow                  Hex            #.......     67%         2    ##.....
c - Summon Butterflies    Summ           #.......     82%         1    None


Dungeon Overview and Level Annotations

Branches:
Dungeon (12/15)            Temple (1/1) D:7            Lair (6/6) D:8
 Shoals (2/4) Lair:4        Snake (0/4) Lair:2          Orc (2/2) D:12
    Elf (0/3) Orc:2
  Slime: Lair:5-6

Altars:
Ashenzari
Cheibriados
Dithmenos
Elyvilon
Fedhas
Gozag
Hepliaklqana
Kikubaaqudgha
Makhleb
Nemelex Xobeh
Okawaru
Qazlal
Ru
Sif Muna
Trog
Uskayaw
Vehumet
Wu Jian
Xom
Yredelemnul
Zin
The Shining One

Shops:
D:5 ?   D:6 *   D:11 ?   Orc:2 }(([%

Annotations:
D:3 scroll behind bars
D:11 exclusion: ugly thing
Lair:5 exclusion: 4 oklob plants


Innate Abilities, Weirdness & Mutations

You have razor-sharp teeth.
You heal very quickly.
When hurt, damage is shared between your health and your magic reserves.
Your bite disrupts and absorbs the magic of your enemies.
Potions cannot restore your health.
You are immune to rotting.


Message History

You bite the alligator snapping turtle, but do no damage.
The alligator snapping turtle is lightly wounded.
You hit the alligator snapping turtle.
The alligator snapping turtle looks as sick as possible!
You bite the alligator snapping turtle. You drain its power.
You feel invigorated.
The alligator snapping turtle is lightly wounded.
The alligator snapping turtle bites you!!
Your shield and scale mail prevent you from hitting the alligator snapping turtle.
You bite the alligator snapping turtle, but do no damage.
The alligator snapping turtle is lightly wounded.
You enter the shallow water.
Moving in this stuff is going to be slow.
The alligator snapping turtle bites you from afar!!
* * * LOW HITPOINT WARNING * * *
The cyclops throws a large rock.
The large rock hits you but does no damage.
You hear a splash.
The alligator snapping turtle bites you from afar!!!
You die...

≈≈≈≈≈≈≈≈≈≈≈≈≈≈≈≈≈..###
≈≈≈≈≈≈≈≈..≈≈≈≈≈≈≈≈≈.####
≈≈≈≈≈≈≈≈....≈≈≈≈≈≈..## #.
≈≈≈≈≈≈≈≈.....≈≈≈≈≈.## ##
≈≈≈≈≈≈....##...≈≈..# ##.
≈≈≈≈≈≈...###...≈..## #..
≈≈≈≈≈≈≈≈≈≈≈≈..≈≈.## ##..
≈≈≈≈≈≈≈≈≈≈≈...≈≈.# #..≈
≈≈≈≈≈≈≈≈@≈≈...≈≈.## #..≈
≈≈≈≈≈≈≈≈......≈≈..# #...
≈≈≈≈≈≈≈.t....≈≈≈≈.# ###.
≈≈≈≈≈≈≈.###C.≈≈≈≈.# ##..
≈≈≈≈≈≈..# #(≈≈≈≈≈≈.###...
≈≈≈≈≈≈.(# #.≈≈≈≈≈≈≈..###.
≈≈≈≈≈≈(....≈≈≈≈≈≈≈≈.. ##
≈≈≈≈≈≈C..≈≈≈≈≈≈≈≈≈≈.#####
≈≈≈≈≈≈≈≈≈≈≈≈≈≈≈≈≈≈≈.(..(.


You could see an alligator snapping turtle and 2 cyclopes.

Vanquished Creatures
  An acid blob (Lair:5)
  2 dire elephants (Lair:6)
  7 hydras
  2 merfolk avatars
  9 two-headed ogres
  A merfolk aquamancer (Shoals:1)
  An ogre mage (D:12)
  4 death yaks (Lair:5)
  3 orc high priests (Orc:2)
  Nergalle (Lair:2)
  A fire crab (Lair:6)
  2 sea snakes
  2 wizards (D:10)
  4 orc knights (Orc:2)
  4 orc sorcerers (Orc:2)
  2 deep elf magi
  4 cyclopes (Shoals:1)
  4 manticores
  5 black mambas
  A water nymph (Shoals:1)
  9 elephants
  Psyche (D:8)
  A merfolk siren (Shoals:1)
  Joseph (D:7)
  13 komodo dragons
  4 rime drakes
  17 spiny frogs
  An efreet (D:11)
  3 hornets
  7 merfolk (Shoals:1)
  3 polar bears
  2 trolls (Orc:2)
  Prince Ribbit (D:8)
  A wind drake (Shoals:1)
  10 hippogriffs
  26 blink frogs
  4 dream sheep (Lair:5)
  3 snapping turtles (Shoals:1)
  A shadow (D:12)
  A vampire (D:11)
  3 water elementals (Shoals:1)
  4 wyverns
  Eustachio (D:6)
  37 yaks
  4 basilisks
  Grum (D:8)
  A steam dragon (D:7)
  3 vampire mosquitoes (D:12)
  A warg (Orc:1)
  A naga (Lair:2)
  14 water moccasins
  8 porcupines
  7 sky beasts
  19 orc warriors
  3 ice beasts
  An eye of draining (D:11)
  A phantom (D:4)
  A necrophage (D:10)
  15 ogres
  43 wolves
  11 centaurs
  21 crocodiles
  A big kobold (D:7)
  14 bullfrogs
  A scorpion (Lair:3)
  7 killer bees
  12 wights
  4 electric eels (D:7)
  6 howler monkeys
  6 crimson imps
  A bullfrog zombie (D:12)
  9 hounds
  A quasit (D:11)
  A jelly (D:6)
  4 centaur skeletons
  20 orc priests
  2 bullfrog skeletons
  3 iguanas
  4 worker ants
  22 orc wizards
  A hound skeleton (D:7)
  17 gnolls
  17 adders
  5 shadow imps
  12 white imps (Lair:6)
  An adder skeleton (D:6)
  6 worms
  A dart slug (D:1)
  7 leopard geckos
  74 orcs
  4 ball pythons
  6 giant cockroaches
  4 goblins
  8 hobgoblins
  6 jackals
  6 quokkas
  8 bats
  5 frilled lizards
  A jackal skeleton (D:8)
  7 kobolds
  2 leopard gecko skeletons
  9 rats
694 creatures vanquished.

Vanquished Creatures (others)
  An orc priest (Orc:2)
  A quokka zombie (D:7)
  23 fungi
  23 plants
48 creatures vanquished.

Grand Total: 742 creatures vanquished

Notes
Turn   | Place    | Note
-------+----------+-------------------------------------------
     0 | D:1      | seren the Vine Stalker Fighter began the quest for the Orb.
     0 | D:1      | Reached XP level 1. HP: 11/11 MP: 2/2
    35 | D:1      | Reached skill level 2 in Short Blades
   148 | D:1      | Reached XP level 2. HP: 16/16 MP: 3/3
   496 | D:1      | Reached skill level 3 in Short Blades
   519 | D:1      | Reached XP level 3. HP: 18/19 MP: 4/4
   980 | D:2      | Gained mutation: Your natural rate of healing is unusually fast. [Vine Stalker growth]
   980 | D:2      | Reached XP level 4. HP: 16/23 MP: 5/5
   992 | D:2      | Reached skill level 4 in Short Blades
  1359 | D:3      | Reached XP level 5. HP: 27/27 MP: 6/6
  1529 | D:3      | Found a shattered altar of Ashenzari.
  1612 | D:3      | Reached skill level 5 in Short Blades
  1701 | D:3      | Found a glowing silver altar of Zin.
  1810 | D:4      | HP: 2/40 [poisoned by a worker ant]
  1815 | D:4      | HP: 1/40 [poisoned by a worker ant]
  1820 | D:4      | HP: 1/40 [poisoned by a worker ant]
  1826 | D:4      | HP: 1/40 [poisoned by a worker ant]
  1835 | D:4      | HP: 2/40 [poisoned by a worker ant]
  1943 | D:4      | Noticed a phantom
  2018 | D:4      | Found a glowing golden altar of the Shining One.
  2129 | D:4      | Reached XP level 6. HP: 30/32 MP: 5/7
  2172 | D:4      | Noticed a phantom
  2232 | D:4      | Killed a phantom
  2232 | D:4      | Reached skill level 6 in Short Blades
  2619 | D:4      | Found a hide-covered altar of Uskayaw.
  2622 | D:4      | Became a worshipper of Uskayaw the Reveler
  2781 | D:5      | Entered Level 5 of the Dungeon
  2794 | D:5      | Reached * piety under Uskayaw
  2801 | D:5      | Reached XP level 7. HP: 35/35 MP: 8/8
  2832 | D:5      | Found Ducoiq's Magic Scroll Shop.
  2857 | D:5      | Bought a scroll of remove curse for 30 gold pieces
  2857 | D:5      | Bought a scroll of teleportation for 30 gold pieces
  2857 | D:5      | Bought a scroll of identify for 20 gold pieces
  2914 | D:5      | Reached ** piety under Uskayaw
  2919 | D:5      | Reached *** piety under Uskayaw
  2920 | D:5      | Reached skill level 7 in Short Blades
  2982 | D:5      | Noticed a moth of wrath
  2985 | D:5      | Found a bloodstained altar of Trog.
  3196 | D:4      | Reached skill level 8 in Short Blades
  3234 | D:4      | Gained mutation: You have razor-sharp teeth. [Vine Stalker growth]
  3234 | D:4      | Reached XP level 8. HP: 39/39 MP: 9/9
  3459 | D:5      | Got a twisted lajatang
  3460 | D:5      | Identified the +8 lajatang of Grandeur {slice, Int+3} (You found it on level 5 of the Dungeon)
  3710 | D:6      | Reached skill level 9 in Short Blades
  3714 | D:6      | Reached **** piety under Uskayaw
  3720 | D:6      | Reached ***** piety under Uskayaw
  3783 | D:6      | Learned a level 2 spell: Blink
  3838 | D:6      | Reached skill level 1 in Stealth
  3877 | D:6      | Found Nemm's Serpentskin Sales.
  3894 | D:6      | Bought a +2 scale mail of poison resistance for 180 gold pieces
  3944 | D:6      | Noticed Eustachio
  3952 | D:6      | Killed Eustachio
  4508 | D:6      | Reached XP level 9. HP: 41/43 MP: 10/10
  4716 | D:7      | Reached skill level 5 in Stealth
  4776 | D:7      | Reached skill level 10 in Short Blades
  4882 | D:8      | Noticed a two-headed ogre
  4944 | D:7      | Found a staircase to the Ecumenical Temple.
  4949 | Temple   | Entered the Ecumenical Temple
  5383 | D:7      | Reached skill level 1 in Dodging
  5445 | D:7      | Noticed Joseph
  5648 | D:7      | Killed Joseph
  6478 | D:8      | Got a bone spear
  6497 | D:8      | Identified the +5 spear of Rotation {pain, rN+ MR++ Dex+4 SInv} (You found it on level 8 of the Dungeon)
  6508 | D:8      | Noticed Psyche
  6523 | D:8      | Killed Psyche
  6523 | D:8      | Reached XP level 10. HP: 47/47 MP: 11/11
  6532 | D:8      | Reached skill level 5 in Armour
  6618 | D:8      | Noticed Grum
  6766 | D:8      | Killed Grum
  6826 | D:8      | Noticed Prince Ribbit
  6843 | D:8      | Killed Prince Ribbit
  6883 | D:8      | Found a staircase to the Lair.
  6883 | D:8      | Noticed an elephant
  6931 | D:8      | Killed a two-headed ogre
  8091 | D:8      | Killed an elephant
  8139 | Lair:1   | Entered Level 1 of the Lair of Beasts
  8210 | Lair:1   | Reached skill level 5 in Fighting
  8210 | Lair:1   | Reached XP level 11. HP: 55/55 MP: 12/12
  8412 | Lair:1   | Learned a level 2 spell: Slow
  8480 | Lair:1   | Noticed a seven-headed hydra
  9537 | D:10     | Entered Level 10 of the Dungeon
  9592 | D:10     | Noticed a two-headed ogre
  9611 | D:10     | Killed a two-headed ogre
  9728 | D:10     | Noticed a deep elf mage
  9733 | D:10     | Killed a deep elf mage
  9920 | D:10     | Noticed a wizard
  9934 | D:10     | Noticed a wizard
  9940 | D:10     | Killed a wizard
  9952 | D:10     | Killed a wizard
  9959 | D:10     | Identified Sif Muna's Catalogue of Combed Thunderclap
  9967 | D:10     | Identified the Handbook of Dhcmrlchtdj
 10247 | D:10     | Identified the Grimoire of Axaxaxas mlö
 10251 | D:10     | Learned a level 1 spell: Summon Butterflies
 10494 | D:11     | Reached skill level 10 in Stealth
 10573 | D:11     | Reached skill level 1 in Invocations
 10917 | D:11     | Noticed a green ugly thing
 11148 | D:11     | Gained mutation: You heal very quickly. [Vine Stalker growth]
 11148 | D:11     | Reached XP level 12. HP: 66/66 MP: 15/15
 11199 | D:11     | Found Sacwiaxuu's Magic Scroll Shop.
 11202 | D:11     | Bought 2 scrolls of fog for 60 gold pieces
 11393 | D:5      | Bought a scroll of teleportation for 30 gold pieces
 11393 | D:5      | Bought a scroll of teleportation for 30 gold pieces
 11680 | D:12     | Found a staircase to the Orcish Mines.
 11796 | D:12     | Noticed a two-headed ogre
 11851 | D:12     | Reached skill level 1 in Spellcasting
 12241 | Lair:1   | Killed a seven-headed hydra
 12508 | Lair:1   | Reached skill level 5 in Invocations
 12808 | Lair:2   | Noticed a seven-headed hydra
 12819 | Lair:2   | Killed a seven-headed hydra
 12819 | Lair:2   | Reached skill level 5 in Shields
 12986 | Lair:2   | Noticed Nergalle
 13045 | Lair:2   | Killed Nergalle
 13108 | Lair:2   | Noticed a five-headed hydra
 13167 | Lair:2   | Found a staircase to the Snake Pit.
 13233 | Lair:2   | Found a shimmering altar of Xom.
 13823 | Lair:2   | Killed a five-headed hydra
 14326 | Lair:2   | Reached XP level 13. HP: 53/70 MP: 14/19
 15079 | Lair:3   | Reached ****** piety under Uskayaw
 15157 | Lair:3   | Found a shimmering altar of Xom.
 15949 | Lair:4   | Reached skill level 1 in Evocations
 16317 | Lair:4   | Found a staircase to the Shoals.
 16336 | Lair:4   | Reached skill level 11 in Short Blades
 17516 | Lair:5   | Noticed an acid blob
 17749 | Lair:5   | Reached skill level 12 in Short Blades
 17842 | Lair:5   | Killed an acid blob
 17842 | Lair:5   | Reached XP level 14. HP: 41/75 MP: 22/22
 17904 | Lair:6   | Entered Level 6 of the Lair of Beasts
 17923 | Lair:6   | Noticed a dire elephant
 18236 | Lair:6   | Reached skill level 13 in Short Blades
 18281 | Lair:6   | Paralysed by a hornet for 1 turns
 18844 | Lair:6   | Noticed a dire elephant
 19027 | Lair:6   | Reached skill level 14 in Short Blades
 19140 | Lair:6   | Reached skill level 1 in Translocations
 19144 | Lair:6   | Reached skill level 1 in Hexes
 20492 | D:12     | Reached XP level 15. HP: 80/80 MP: 23/23
 20501 | D:12     | Reached skill level 10 in Fighting
 20622 | Orc:1    | Entered Level 1 of the Orcish Mines
 21131 | Orc:2    | Entered Level 2 of the Orcish Mines
 21210 | Orc:2    | Found Wiumentuh's Food Shoppe.
 21230 | Orc:2    | Reached skill level 5 in Dodging
 21253 | Orc:2    | Found a staircase to the Elven Halls.
 21315 | Orc:2    | Reached skill level 5 in Spellcasting
 21444 | Orc:2    | Found Fuel's Antique Armour Shoppe.
 21488 | Orc:2    | Found Curphok's Antique Weapon Boutique.
 21837 | Orc:2    | Found Peugg's Weapon Shoppe.
 21958 | Orc:2    | Found Gox Teewk's Gadget Boutique.
 21977 | Orc:2    | Bought a pair of faintly humming boots for 380 gold pieces
 21987 | Orc:2    | Identified the -2 pair of boots of Poor Excuses {rF+ rC- rN+++ Dex-3} (You bought it in a shop on level 2 of the Orcish Mines)
 22030 | Orc:2    | Bought a pair of embroidered boots for 300 gold pieces
 22046 | Orc:2    | Bought a pair of embroidered gloves for 300 gold pieces
 22711 | Lair:6   | Got a pitted mace
 22712 | Lair:6   | Identified the +7 mace "Muxkoaq" {crush, Int+4} (You found it on level 6 of the Lair of Beasts)
 23161 | Shoals:1 | Entered Level 1 of the Shoals
 24195 | Shoals:1 | Slain by an alligator snapping turtle

Vault maps used:
D:1:      sevenhm_arrival_forest_fort_small_3, minivault_14,
          hangedman_abyss_or_decor_stabs, hangedman_decor_push,
          bh_walls_and_bars
D:3:      zin_scriptorium, first_bread, evilmike_ruin_ashenzari
D:4:      kennysheep_mini, lemuel_coloured_pillars_altar
D:5:      tgw_trog, serial_shops, nicolae_shop_waterfront, serial_bayou_pond_c
D:6:      minmay_misc_feat_x, guppyfry_shop_venom, uniq_eustachio
D:7:      kennysheep_big_flooded_room, minmay_temple_entry_butterflies,
          uniq_joseph
D:8:      david_lair_generic, uniq_psyche, uniq_grum, uniq_prince_ribbit1
D:9:      special_room
D:10:     bh_hangedman_babel_library
D:11:     serial_shops, nicolae_shop_behind_doors
D:12:     erik_orc_3
Temple:   eino_narrow_crystal_temple
Lair:2:   guppyfry_snake_entry_island, basic_altar, uniq_nergalle
Lair:3:   basic_altar, grunt_megastairs_4
Lair:4:   minmay_shoals_entry_beasts, grunt_megastairs_5
Lair:5:   minmay_slime_entry_oklob_enclosed, grunt_megastairs_2
Lair:6:   gammafunk_lair_ancient_temple, portal_ice_cave_entry_imps,
          st_stairs_7, columned_hall_lemuel, grunt_forest_large_clearings
Shoals:1: st_cyclops
Orc:2:    st_orc_elflike, serial_shops, shop

Skill      XL: |  1  2  3  4  5  6  7  8  9 10 11 12 13 14 15 |
---------------+----------------------------------------------+-----
Short Blades   | 2 3 4 5 6 8 9 10 12 14 | 14.0
Stealth        | 4 8 10 | 10.8
Dodging        | 3 4 6 |  6.0
Armour         | 4 7 8 |  8.4
Fighting       | 5 9 11 | 11.0
Invocations    | 3 7 9 |  9.4
Shields        | 6 7 |  7.0
Spellcasting   | 2 4 6 |  6.0
Evocations     | 2 |  2.2
Translocations | 3 |  3.2
Hexes          | 2 |  2.0

Action                   |  1- 3 |  4- 6 |  7- 9 | 10-12 | 13-15 || total
-------------------------+-------+-------+-------+-------+-------++-------
Melee: Rapier            |    89 |   186 |   380 |   994 |  1273 ||  2922
       Bite              |    17 |    45 |   126 |   366 |   571 ||  1125
 Fire: Hunting sling     |       |       |       |     2 |    54 ||    56
Invok: Line Pass         |       |       |     4 |     9 |    13 ||    26
       Stomp             |       |       |     1 |     4 |     2 ||     7
Evoke: Wand              |       |       |     1 |     1 |       ||     2
  Use: Potion            |       |     4 |       |     4 |     1 ||     9
       Scroll            |       |       |     3 |    12 |    17 ||    32
 Stab: Paralysed         |       |       |    11 |    29 |    70 ||   110
       Sleeping          |       |       |     4 |    18 |    15 ||    37
       Invisible         |       |       |       |     2 |       ||     2
       Distracted        |       |       |       |     2 |     3 ||     5
       Confused          |       |       |       |     3 |     8 ||    11
  Eat: Chunk             |       |     6 |    13 |    28 |    34 ||    81
       Fruit             |       |       |       |     2 |     1 ||     3
       Royal jelly       |       |       |       |       |     1 ||     1
Armor: Scale mail        |    47 |    68 |   121 |   366 |   326 ||   928
Dodge: Dodged            |    24 |    36 |    68 |   265 |   305 ||   698
       Deflected         |       |       |       |       |     4 ||     4
Block: Shield            |    40 |    68 |   114 |   387 |   401 ||  1010
